 Dungeon Crawl Stone Soup version 0.21.1-1-g345015f (webtiles) character file.

147 inc the Conjurer (level 5, 21/21 HPs)
             Began as a Felid Fire Elementalist on Feb 26, 2018.
             Quit the game on level 4 of the Dungeon.
             The game lasted 00:06:31 (3518 turns).

inc the Conjurer (Felid Fire Elementalist)          Turns: 3518, Time: 00:06:32

Health: 21/21      AC:  2    Str:  4    XL:     5   Next: 8%
Magic:  9/9        EV: 18    Int: 19    God:
Gold:   165        SH:  0    Dex: 16    Spells: 7/8 levels left
                                        Lives:  0   Deaths: 1

rFire    . . .     SeeInvis +   (weapon unavailable)
rCold    . . .     Gourm    .   (shield unavailable)
rNeg     . . .     Faith    .   (armour unavailable)
rPois    .         Spirit   .   (helmet unavailable)
rElec    .         Reflect  .   (cloak unavailable)
rCorr    .         Harm     .   (gloves unavailable)
MR       .....                  (boots unavailable)
Stlth    +++.......             (no amulet)
HPRegen  0.07/turn              (no ring)
MPRegen  0.11/turn              (no ring)

@: quick
A: very small, no armour, no weapons or thrown items, stealth, claws 1, fangs 3,
see invisible, carnivore, speed 1, shaggy fur 2, slow metabolism 1, sharp paws
a: no special abilities


You were on level 4 of the Dungeon.
You were not hungry.

You visited 1 branch of the dungeon, and saw 4 of its levels.

You collected 165 gold pieces.

Inventory:

Jewellery
 n - an uncursed ring of ice {unknown}
Scrolls
 d - a scroll of fog {unknown}
 e - 2 scrolls of identify {unknown}
 i - 2 scrolls of magic mapping {unknown}
 j - a scroll of enchant weapon {unknown}
Potions
 c - a potion of degeneration
 f - a potion of cancellation {unknown}
 g - a potion of haste {unknown}
 h - a potion of lignification {unknown}
 k - a potion of heal wounds {unknown}
 l - a potion of curing {unknown}
 m - a potion of brilliance {unknown}
Books
 a - a book of Flames

   Spells                             Type                      Level
   a - Flame Tongue                   Conjuration/Fire             1
   b - Throw Flame                    Conjuration/Fire             2
   c - Conjure Flame                  Conjuration/Fire             3
   d - Inner Flame                    Hexes/Fire                   3
   e - Sticky Flame                   Conjuration/Fire             4
   f - Fireball                       Conjuration/Fire             5
Comestibles
 b - 5 rations


   Skills:
 - Level 2.6 Dodging
 - Level 2.6 Stealth
 - Level 2.0 Spellcasting
 + Level 4.8 Conjurations
 + Level 3.9 Fire Magic


You had 7 spell levels left.
You knew the following spells:

 Your Spells              Type           Power        Failure   Level  Hunger
a - Flame Tongue          Conj/Fire      ###..        2%          1    #......


Dungeon Overview and Level Annotations

Branches:
Dungeon (4/15)
 Temple: D:4-7

Altars:
Dithmenos

Annotations:
D:3 Lanoc's ghost, amateur MfCK


Innate Abilities, Weirdness & Mutations

You cannot wear armour.
You are incapable of wielding weapons or throwing items.
Your paws allow you to move quietly. (Stealth)
You have sharp claws.
You have razor-sharp teeth.
You have supernaturally acute eyesight. (SInv)
You are carnivorous and can eat meat at any time.
You cover ground quickly.
You are covered in thick fur. (AC +2)
You have a slow metabolism.
Your sharp claws are effective at attacking unaware monsters.


Message History

Casting: Flame Tongue
Confirm with . or Enter, or press ? or * to list all spells.
Aiming: Flame Tongue
Press: ? - help, Shift-Dir - straight line, f/p - gnoll
Aim: a gnoll, wielding a flail (moderately wounded)
The flame tongue hits the gnoll.
You kill the gnoll!
The orc wizard points at you and mumbles some strange words.
The magic dart hits you!
* * * LOW HITPOINT WARNING * * *
The gnoll hits you from afar with a spear.
* * * LOW HITPOINT WARNING * * *
It was a potion of degeneration.
There was something very wrong with that liquid.
You feel weakened.
You feel dopey.
You feel clumsy.
The gnoll hits you from afar with a spear.
You die...
You are now level 5!
You rejoin the land of the living...
Are you sure you want to abandon this character and quit the game? (Confirm with "yes".)

## .# .# # .# #####
#.##.###########.<)†
#..@.......?.....g##
#...#.###########..#
#... ... .g... #...
#### ###...# .....
#..#. ###..# #...#
#.. #g.. #.. .g..


There were no monsters in sight!

Vanquished Creatures
  An ogre (D:3)
  An orc priest (D:3)
  Jessica (D:2)
  An orc wizard (D:3)
  3 adders (D:2)
  A gnoll (D:4)
  An ooze (D:1)
  A dart slug (D:1)
  A worm (D:2)
  2 leopard geckos (D:2)
  8 orcs
  4 giant cockroaches
  6 goblins
  7 hobgoblins
  3 jackals (D:2)
  7 bats
  3 frilled lizards
  A jackal zombie (D:3)
  9 kobolds
  5 rats
66 creatures vanquished.

Notes
Turn   | Place    | Note
-------+----------+-------------------------------------------
     0 | D:1      | inc the Felid Fire Elementalist began the quest for the Orb.
     0 | D:1      | Reached XP level 1. HP: 7/7 MP: 4/4
    46 | D:1      | Reached skill level 1 in Conjurations
   215 | D:1      | Reached XP level 2. HP: 10/11 MP: 4/6
   266 | D:1      | Reached skill level 2 in Conjurations
   972 | D:2      | Reached XP level 3. HP: 14/14 MP: 2/7
  1057 | D:2      | Reached skill level 3 in Conjurations
  1128 | D:2      | Noticed Jessica
  1135 | D:2      | Killed Jessica
  1135 | D:2      | Reached XP level 4. HP: 18/18 MP: 5/8
  1388 | D:3      | Noticed an ogre
  2197 | D:2      | Reached skill level 4 in Conjurations
  2596 | D:3      | Reached XP level 5. HP: 20/21 MP: 5/9
  2690 | D:3      | Killed an ogre
  3006 | D:3      | Found a shadowy altar of Dithmenos.
  3206 | D:3      | Gained mutation: You are covered in thick fur. (AC +2) [Felid growth]
  3206 | D:3      | Reached XP level 6. HP: 16/24 MP: 2/10
  3441 | D:3      | Noticed Lanoc's ghost (amateur MfCK)
  3517 | D:4      | Slain by a gnoll
  3518 | D:4      | Reached XP level 5. HP: 0/21 MP: 8/9
  3518 | D:4      | Quit the game

Skill      XL: |  1  2  3  4 |
---------------+-------------+-----
Conjurations   | 1 2 3 4 |  4.8
Fire Magic     | 3 |  3.9
Dodging        | |  2.6
Stealth        | |  2.6
Spellcasting   | |  2.0

Action                   |  1- 3 |  4- 6 || total
-------------------------+-------+-------++-------
Melee: Unarmed           |    10 |     2 ||    12
       Bite              |     1 |       ||     1
 Cast: Flame Tongue      |    49 |    82 ||   131
  Use: Potion            |       |     1 ||     1
 Stab: Sleeping          |       |     1 ||     1
  Eat: Chunk             |       |     8 ||     8
Armor: Skin              |     4 |     2 ||     6
Dodge: Dodged            |    20 |    56 ||    76
